 Dungeon Crawl Stone Soup version 0.30.0-29-ga12c61a403 (webtiles) character file.

Game seed: 3198607285746498054

632 cheesebisquit the Cudgeller (level 7, -2/59 HPs)
             Began as a Ghoul Necromancer on June 6, 2023.
             Slain by a hornet (7 damage)
             ... on level 4 of the Dungeon.
             The game lasted 00:17:38 (4556 turns).

cheesebisquit the Cudgeller (Ghoul Necromancer)     Turns: 4556, Time: 00:17:39

Health: -2/59      AC:  6    Str: 16    XL:     7   Next: 49%
Magic:  6/8        EV: 10    Int: 12    God:
Gold:   101        SH:  0    Dex:  9    Spells: 5/9 levels left

rFire   . . .        p - +5 mace of Ru's Reproof {spect, rElec rN+ Str+4}
rCold   + . .        (no shield)
rNeg    + + +        h - +0 ring mail
rPois   ∞            (no helmet)
rElec   +            x - scarf {harm}
rCorr   .            d - +0 pair of gloves
SInv    .            (no boots)
Will    .....        (no amulet)
Stlth   +            o - ring of flight
HPRegen 0.00/turn    (no ring)
MPRegen 0.11/turn

%: harm (+30% outgoing, +20% incoming)
@: flying, very slightly contaminated, inhibited regen
A: claws 1, cold resistance 1, negative energy resistance 3, inhibited
regeneration, torment resistance 2, devour on kill
a: no special abilities


You were on level 4 of the Dungeon.
You visited 1 branch of the dungeon, and saw 4 of its levels.

You collected 101 gold pieces.

Inventory:

Hand Weapons
 p - the +5 mace of Ru's Reproof (weapon) {spect, rElec rN+ Str+4}
   (You found it on level 2 of the Dungeon)

   Str:       It affects your strength (+4).
   rElec:     It insulates you from electricity.
   rN:        It protects you from negative energy.
 q - a +0 war axe
Missiles
 n - 5 boomerangs
 z - 4 throwing nets
Armour
 d - a +0 pair of gloves (worn)
 h - a +0 ring mail (worn)
 r - a +1 leather armour of cold resistance
 x - a scarf of harm (worn)
Jewellery
 o - a ring of flight (left hand)
Wands
 s - a wand of roots (3)
 u - a wand of quicksilver (3)
Scrolls
 c - 5 scrolls of teleportation
 f - a scroll of amnesia {unknown}
 g - 2 scrolls of enchant weapon {unknown}
 i - a scroll of identify {unknown}
 k - a scroll of blinking {unknown}
 l - a scroll of poison {unknown}
 m - 2 scrolls of fog {unknown}
 t - a scroll of enchant armour {unknown}
 w - a scroll of magic mapping {unknown}
 y - a scroll of immolation {unknown}
Potions
 a - a potion of might {unknown}
 b - a potion of mutation {unknown}
 j - a potion of brilliance {unknown}
 v - a potion of flight {unknown}
 A - a potion of ambrosia {unknown}
 B - a potion of haste {unknown}


   Skills:
 - Level 4.2 Fighting
 + Level 6.0 Maces & Flails
 - Level 1.7 Dodging
 - Level 2.1 Stealth
 - Level 1.7 Spellcasting
 - Level 4.0 Necromancy


You had 5 spell levels left.
You knew the following spells:

 Your Spells              Type           Power      Damage    Failure   Level
a - Necrotise             Necr           40%        1d6       11%         1
b - Vampiric Draining     Necr           10%        2d6       30%         3

Your spell library contained the following spells:

 Spells                   Type           Power      Damage    Failure   Level
 Animate Dead             Necr           10%        N/A       71%         4
 Agony                    Necr           10%        N/A       96%         5


Dungeon Overview and Level Annotations

Branches:
Dungeon (4/15)
 Temple: D:4-7

Altars:
Trog

Shops:
D:1 *=[!

Annotations:
D:4 Robin


Innate Abilities, Weirdness & Mutations

You are immune to poison.
You have sharp fingernails.
Your flesh is cold resistant. (rC+)
You are immune to negative energy. (rN+++)
You do not regenerate when monsters are visible.
You are immune to unholy pain and torment.
You thrive by killing the living.


Message History

The goblin hits you but does no damage. The hornet stings you.
* * * LOW HITPOINT WARNING * * *
You hear a shout!
Found a stone staircase leading down.
You feel better.
The goblin no longer looks unusually strong. x2
The hornet stings you. The goblin hits you with a +0 dagger.
The goblin hits you but does no damage. Robin attacks as you move away!
Robin hits you with a +1 mace of protection.
The hornet attacks as you move away! The hornet stings you.
* * * LOW HITPOINT WARNING * * *
Your surroundings suddenly seem different.
Found an escape hatch in the floor.
You start resting.
You hear a zap.
You hear a grinding noise.
Magic restored.
You start resting.
A hornet is nearby!
A hornet is nearby!
You miscast Necrotise.
You are very lightly contaminated with residual magic.
Nothing appears to happen.
The hornet resists with significant effort.
You sock the hornet!
The hornet is moderately wounded.
The hornet barely misses you. The hornet stings you!
You barely miss the hornet.
The hornet is moderately wounded.
The hornet stings you!
Okay, then.
You closely miss the hornet.
The hornet is moderately wounded.
The hornet misses you. The hornet closely misses you.
You hit the hornet.
The hornet is heavily wounded.
The hornet stings you!
* * * LOW HITPOINT WARNING * * *
The hornet stings you.
You die...

.......# #..####...# #.
.....### #...###...# #.
.....# #y#...##### #.
#....# #.###..# #.
#.#### #. ##.## #. #.#
#.####..##############
###.....................
#.....####.#############
#.....y@)...........####
#.....####...###.......#
#.....# ###...#........
#.....# ###.#.......#
#.....# #.#.......#
#.....# #.#..[....#
#...... #.##.##.###
#...... #####..#.##.#
#>..... ........)...(#


You could see a hornet.

Vanquished Creatures
  Sigmund (D:3)
  2 phantoms (D:4)
  3 orc wizards (D:4)
  Natasha (D:3)
  An iguana (D:4)
  Ijyb (D:3)
  4 gnolls (D:4)
  6 adders
  3 worms
  7 orcs
  8 endoplasms
  8 goblins
  4 hobgoblins
  2 jackals (D:3)
  6 quokkas
  4 ball pythons
  6 bats
  8 frilled lizards
  9 kobolds
  4 rats (D:1)
88 creatures vanquished.

Vanquished Creatures (collateral kills)
  A dart slug (D:1)
  A rat (D:1)
2 creatures vanquished.

Grand Total: 90 creatures vanquished

Notes
Turn   | Place    | Note
-------+----------+-------------------------------------------
     0 | D:1      | cheesebisquit the Ghoul Necromancer began the quest for the
                  | Orb.
     0 | D:1      | Reached XP level 1. HP: 14/14 MP: 2/2
    49 | D:1      | Reached skill level 1 in Fighting
    63 | D:1      | Reached XP level 2. HP: 9/24 MP: 0/3
   198 | D:1      | Found Ryefu's Antique Armour Boutique.
   312 | D:1      | Found Yhixevun's General Store.
   836 | D:1      | Found Kaxolod's Distillery.
   839 | D:1      | Reached XP level 3. HP: 30/30 MP: 1/4
   990 | D:1      | Found Seplyed's Jewellery Emporium.
  1094 | D:2      | Learned a level 3 spell: Vampiric Draining
  1775 | D:2      | Reached XP level 4. HP: 40/40 MP: 1/5
  1914 | D:2      | Identified the +5 mace of Ru's Reproof {spect, rElec rN+
                  | Str+4}
  2034 | D:2      | Found a faded altar of an unknown god.
  2466 | D:3      | Noticed Sigmund
  2708 | D:3      | Noticed Ijyb
  2721 | D:3      | Killed Ijyb
  2722 | D:3      | Reached skill level 1 in Maces & Flails
  3095 | D:3      | Reached XP level 5. HP: 46/46 MP: 1/6
  3099 | D:3      | Reached skill level 2 in Maces & Flails
  3310 | D:3      | Noticed Natasha
  3316 | D:3      | Killed Natasha
  3372 | D:3      | Killed Sigmund
  3373 | D:3      | Reached skill level 4 in Maces & Flails
  3373 | D:3      | Reached XP level 6. HP: 6/52 MP: 7/7
  3952 | D:4      | Reached skill level 5 in Maces & Flails
  3952 | D:4      | Reached XP level 7. HP: 51/59 MP: 8/8
  4038 | D:4      | Found a bloodstained altar of Trog.
  4302 | D:4      | Reached skill level 6 in Maces & Flails
  4421 | D:4      | Noticed Robin
  4424 | D:4      | Noticed a hornet
  4556 | D:4      | Slain by a hornet

Illustrated notes

Levels and vault maps discovered:
D:1:      tarquinn_simple_flora_water_a, layout_loops_cross, serial_shops,
          nicolae_shop_tiny_glass, shop, nicolae_shop_industrial_runoff, shop,
          minmay_surrounded
D:2:      layout_basic, shapermc_ecumenical_altar_hornbeckon,
          grunt_ministairs_1, kennysheep_generic_room_6
D:3:      layout_loops_cross, chequers_serial_rivers_small_b,
          amcnicky_mini_pool_small, uniq_ijyb, uniq_sigmund, uniq_natasha
D:4:      layout_basic, trog_butcher_becter, minmay_manual_monolith, uniq_robin

Skill      XL: |  1  2  3  4  5  6  7 |
---------------+----------------------+-----
Fighting       | 1 2 3 4 |  4.2
Maces & Flails | 1 4 5 6 |  6.0
Dodging        | |  1.7
Stealth        | |  2.1
Spellcasting   | |  1.7
Necromancy     | |  4.0

Action                     |  1- 3 |  4- 6 |  7- 9 || total
---------------------------+-------+-------+-------++-------
  Melee: Unarmed           |    24 |       |       ||    24
         Club              |    26 |       |       ||    26
         Dagger            |    40 |     3 |       ||    43
         Mace              |       |    44 |    29 ||    73
         Punch             |       |       |     1 ||     1
   Cast: Necrotise         |    56 |    55 |    10 ||   121
  Evoke: Wand              |       |     1 |       ||     1
    Use: Potion            |     1 |     1 |     2 ||     4
         Scroll            |       |       |     1 ||     1
   Stab: Distracted        |       |     1 |     1 ||     2
 Armour: Ring mail         |    24 |    26 |    11 ||    61
         Robe              |     6 |       |       ||     6
  Dodge: Dodged            |    60 |    34 |    16 ||   110
